[Event "MARCEL 1st Div Ch-League 2019"]
[Site "Dhaka"]
[Date "2019.11.17"]
[Round "6.6"]
[White "Sambarta Banerjee"]
[Black "Habibur Rahman, Sohel"]
[Result "1-0"]
[ECO "E80"]
[WhiteElo "1957"]
[BlackElo "1842"]
[Annotator "NA RC"]
[PlyCount "115"]
[EventDate "2019.11.12"]
[EventCountry "BAN"]
[SourceTitle "playchess.com"]
[Source "ChessBase"]
[SourceQuality "1"]
[TimeControl "5400+30"]

1. d4 c5 2. d5 d6 3. e4 g6 4. c4 Bg7 5. Nc3 Nf6 6. f3 a6 7. Be3 {[%emt 0:00:00] E80: King's Indian: Sämisch: Lines without early ...0-0} Qa5 8. Qd2 Nfd7 9. f4 $146 ({Better is} 9. Be2 $14) ({Predecessor:} 9. Bh6 Bxc3 10. bxc3 Ne5 11. Bg7 Rg8 12. Bxe5 dxe5 13. h4 Nd7 {1-0 (40) So,W (2794)-Merry,A (2388) Douglas 2016}) 9... Bxc3 10. Qxc3 Qxc3+ 11. bxc3 Nf6 12. Bd3 Ng4 13. Bd2 f5 14. exf5 Bxf5 15. Bxf5 gxf5 16. Rb1 Ra7 17. Nf3 Rf8 18. Ng5 h6 19. Ne6 Rg8 20. a4 Nf6 21. O-O Nbd7 22. a5 Nf8 23. Nxf8 Rxf8 24. Rb2 Kd7 25. Rfb1 Kc7 26. g3 h5 27. Kg2 Rg8 28. Kf3 Ne4 29. Be1 Rg7 30. h3 Rg8 31. Re2 Kd7 32. g4 hxg4+ 33. hxg4 Rh8 34. gxf5 Nf6 35. Bg3 Rh7 36. Rbb2 Kc7 37. Rh2 Rxh2 38. Rxh2 Ra8 39. Re2 Kd7 40. Bh4 Rf8 41. Bg5 Rf7 42. Re1 Kd8 43. Bxf6 Rxf6 44. Kg4 Rf8 45. Re6 Kd7 46. f6 exf6 47. Kf5 Rh8 48. Rxf6 Rh7 49. Kg5 Rh3 50. Rf7+ Kc8 51. Kf5 Rxc3 52. Ke6 Rxc4 53. Kxd6 Kb8 54. f5 Rc1 55. f6 c4 56. Rf8+ $2 (56. Rd7 {mates} Rf1 57. f7 Ka7 58. Ke7 Re1+ 59. Kd8 Rf1 60. Ke8 Kb8 61. d6) 56... Ka7 57. Rc8 Rf1 $18 58. Ke7 1-0

[Event "MARCEL 1st Div Ch-League 2019"]
[Site "Dhaka"]
[Date "2019.11.17"]
[Round "6.7"]
[White "Sharmin, Samiha Shimmi"]
[Black "Suvankar Maity"]
[Result "0-1"]
[ECO "C54"]
[WhiteElo "1854"]
[BlackElo "1795"]
[Annotator "NA RC"]
[PlyCount "125"]
[EventDate "2019.11.12"]
[EventCountry "BAN"]
[SourceTitle "playchess.com"]
[Source "ChessBase"]
[SourceQuality "1"]
[TimeControl "5400+30"]

1. e4 e5 2. Nf3 Nc6 3. Bc4 Bc5 4. d3 Nf6 5. c3 d6 6. Bb3 a6 7. h3 {[%emt 0:00:13] C54: Giuoco Piano: 4 c3 Nf6, main lines with 5 d4 and 5 d3} Ba7 8. Bg5 h6 9. Bh4 Rg8 $146 (9... g5 $5 10. Bg3 $8 Be6 $11) ({Predecessor:} 9... Qe7 10. Nbd2 Be6 11. Nf1 O-O-O 12. Bxf6 Qxf6 13. Ne3 Qg6 14. Qe2 Bxe3 15. fxe3 Bxb3 16. axb3 {0-1 (34) Popov,I (2539)-Aleksandrov,A (2614) Serpukhov 2007}) 10. Nbd2 g5 11. Bg3 Qe7 12. Bh2 h5 13. Qe2 Bd7 14. O-O-O O-O-O 15. Kb1 Rg7 16. Nc4 g4 17. hxg4 hxg4 18. Nh4 Rh7 19. Bg3 Rdh8 20. Rh2 Nh5 21. Rdh1 Qg5 22. Bd1 b5 23. Nd2 Kb7 24. Nb3 Bb6 25. Bc2 f5 26. exf5 Bxf5 27. Nd2 Nf4 28. Bxf4 exf4 29. g3 f3 30. Qd1 Rh6 31. Re1 Rf8 32. Ne4 Qd8 33. d4 Bxe4 34. Rxe4 Qg5 35. Rh1 d5 36. Re3 Rhf6 37. Rhe1 Qg7 38. Qd3 Rh8 39. Bb3 Rd8 40. Bc2 Rh8 41. Qd2 Rhf8 42. Qd3 Rh8 43. Bb3 Rd8 44. Bc2 Rh8 45. Qd2 Rhf8 46. Kc1 Rh8 47. b3 Rd8 48. Qd3 b4 49. Nf5 Qg5 50. Kb1 bxc3 51. Re6 Rxf5 52. Qxf5 Qxf5 53. Bxf5 Nxd4 54. Bxg4 Nxe6 55. Rxe6 Bxf2 56. Bxf3 Ka7 57. Be2 Bb6 58. Kc2 d4 59. Kd3 Rg8 60. g4 Kb7 (60... a5 $15) 61. a4 a5 62. Bf3+ Kc8 63. Re2 $15 (63. Bc6 $11) 0-1

[Event "MARCEL 1st Div Ch-League 2019"]
[Site "Dhaka"]
[Date "2019.11.17"]
[Round "6.8"]
[White "Parvej, Nahid Sagar"]
[Black "Hasan, Mostafa Razibul"]
[Result "1-0"]
[ECO "B49"]
[WhiteElo "1976"]
[BlackElo "1903"]
[Annotator "NA RC"]
[PlyCount "61"]
[EventDate "2019.11.12"]
[EventCountry "BAN"]
[SourceTitle "playchess.com"]
[Source "ChessBase"]
[SourceQuality "1"]
[TimeControl "5400+30"]

1. e4 c5 2. Nf3 Nc6 3. d4 cxd4 4. Nxd4 e6 5. Nc3 a6 6. Be3 Qc7 7. Be2 Nf6 8. O-O b5 9. Nxc6 dxc6 $14 10. Bg5 b4 11. Bxf6 gxf6 12. Na4 Bd6 13. h3 Bb7 14. Bf3 Ke7 15. Qe2 Rhg8 16. Rad1 Rg7 17. Rd2 Qa5 18. Rfd1 Rd8 19. e5 fxe5 20. b3 f5 21. Qe3 e4 22. Rxd6 Rxd6 23. Rxd6 Qe5 24. Rd1 Kf6 25. Be2 c5 26. Qh6+ Rg6 27. Qf8+ Kg5 28. Qe7+ Kh6 29. Qh4+ Kg7 30. Rd7+ Kh8 31. Qxh7# 1-0

[Event "MARCEL 1st Div Ch-League 2019"]
[Site "Dhaka"]
[Date "2019.11.17"]
[Round "6.11"]
[White "Nayem, Haque"]
[Black "Bappi, A.b."]
[Result "1-0"]
[ECO "C55"]
[WhiteElo "1875"]
[BlackElo "1827"]
[Annotator "NA RC"]
[PlyCount "87"]
[EventDate "2019.11.12"]
[EventCountry "BAN"]
[TimeControl "5400+30"]

1. e4 e5 2. Nf3 Nc6 3. Bc4 Be7 4. O-O Nf6 5. d4 d6 6. dxe5 Nxe5 7. Nxe5 dxe5 8. Qxd8+ Bxd8 9. f3 O-O 10. Be3 c6 11. a4 Bb6 12. Kf2 Nd7 13. a5 Bxe3+ 14. Kxe3 Nc5 15. Nd2 Rb8 16. Nb3 Ne6 17. Bxe6 Bxe6 18. Nc5 Rfe8 19. Rfd1 b6 20. Nxe6 Rxe6 21. Rd7 bxa5 22. Rxa5 g6 23. b3 Ra8 24. Raxa7 Rxa7 25. Rxa7 h5 26. Rd7 Kf8 27. b4 Ke8 28. Rc7 g5 29. c3 h4 30. g3 hxg3 31. hxg3 Rh6 32. g4 Rd6 33. c4 Re6 34. Rb7 Rd6 35. Rc7 Re6 36. c5 Rf6 37. Rc8+ Kd7 38. Rg8 Rg6 39. Rxg6 fxg6 40. Kd3 Kc7 41. Kc4 Kb7 42. b5 Kc7 43. bxc6 Kxc6 44. Kb4 1-0

[Event "MARCEL 1st Div Ch-League 2019"]
[Site "Dhaka"]
[Date "2019.11.17"]
[Round "6.12"]
[White "Khondakar, Nazre Mowla"]
[Black "Islam, Sheik Md. Khairul"]
[Result "1/2-1/2"]
[ECO "D52"]
[WhiteElo "1864"]
[BlackElo "1966"]
[Annotator "NA RC"]
[PlyCount "60"]
[EventDate "2019.11.12"]
[EventCountry "BAN"]
[TimeControl "5400+30"]

1. d4 d5 2. c4 e6 3. Nc3 c6 4. Nf3 Nf6 5. Bg5 Nbd7 6. e3 a6 7. Rc1 Be7 8. Bd3 dxc4 9. Bxc4 b5 10. Bd3 Bb7 11. O-O c5 12. dxc5 Nxc5 13. Bb1 Qb6 14. b4 Nce4 15. Nxe4 Nxe4 16. Bxe7 Kxe7 17. Qd4 Qxd4 18. Nxd4 Rhc8 19. Bxe4 Bxe4 20. a3 Bd5 21. f3 f5 22. Kf2 g6 23. Rfd1 Bc4 24. f4 Ra7 25. Rc3 Rac7 26. Rdc1 Kd6 27. Nf3 h6 28. Ne5 g5 29. g3 g4 30. e4 fxe4 1/2-1/2

[Event "MARCEL 1st Div Ch-League 2019"]
[Site "Dhaka"]
[Date "2019.11.18"]
[Round "7.1"]
[White "Md Emdadul, Haque"]
[Black "Badal, Halder"]
[Result "1-0"]
[ECO "D05"]
[WhiteElo "2070"]
[BlackElo "1841"]
[Annotator "NA RC"]
[PlyCount "46"]
[EventDate "2019.11.12"]
[EventCountry "BAN"]
[SourceTitle "playchess.com"]
[Source "ChessBase"]
[SourceQuality "1"]
[TimeControl "5400+30"]

1. d4 Nf6 2. Nf3 d5 3. e3 c5 4. c3 e6 5. Bd3 Nc6 6. Nbd2 Be7 7. O-O O-O 8. Bc2 {[%emt 0:05:39] D05: Colle System with ...e6} (8. dxc5 Bxc5 9. b4 Be7 10. Bb2 a6 11. a4 Bd7 12. e4 Qc7 13. Re1 dxe4 14. Nxe4 Nxe4 15. Bxe4 Bf6 16. Qb1 h6 {0-1 (48) Edouard,R (2658)-Huschenbeth,N (2594) Skopje 2019}) 8... Qc7 9. h3 h6 $146 ({Predecessor:} 9... e5 10. dxe5 Nxe5 11. Nxe5 Qxe5 12. Nf3 Qh5 13. Bd3 Bd6 14. Be2 Bxh3 15. Ne1 Bg4 {0-1 (28) Vujosevic,S (2065)-Mongeau,D (2005) Canada 1996}) 10. Re1 cxd4 11. exd4 Bd6 12. Nf1 Bd7 13. Qe2 Rac8 (13... b5 $5) 14. Bd3 Rce8 15. Ne5 Bc8 16. f4 Nd7 17. Ng3 Bxe5 (17... Nf6 $14) 18. fxe5 ({Don't do} 18. dxe5 $6 f6 $14) 18... f5 19. Kh1 (19. Nh5 $18) 19... Rf7 (19... Nf6 $16 {was worth a try.}) 20. Nf1 g5 (20... Nb6 $16 21. b3 Ne7) 21. Qh5 Kg7 22. h4 Rh8 23. Nh2 Qd8 $18 1-0

[Event "MARCEL 1st Div Ch-League 2019"]
[Site "Dhaka"]
[Date "2019.11.18"]
[Round "7.3"]
[White "Islam, Mohammad Aminul"]
[Black "Sarbojit Paul"]
[Result "0-1"]
[ECO "A26"]
[WhiteElo "2078"]
[BlackElo "2074"]
[Annotator "NA RC"]
[PlyCount "112"]
[EventDate "2019.11.12"]
[EventCountry "BAN"]
[SourceTitle "playchess.com"]
[Source "ChessBase"]
[SourceQuality "1"]
[TimeControl "5400+30"]

1. c4 Nf6 2. g3 g6 3. Bg2 Bg7 4. Nc3 d6 5. Nf3 Nc6 6. O-O O-O 7. d3 e5 8. Bd2 Nd7 {[%emt 1:31:41] A26: English Opening vs King's Indian with ...Nc6 and d3} (8... Re8 9. e4 a6 10. a3 Bg4 11. h3 Bxf3 12. Bxf3 Nd7 13. Bg2 Nd4 14. Be3 a5 15. b4 axb4 16. axb4 Rxa1 17. Qxa1 {0-1 (77) Stefanova,A (2505)-Mamedov,R (2655) Almaty 2016}) 9. Rb1 f5 10. Bg5 Nf6 11. Nd5 Ne7 12. Bxf6 Bxf6 13. Nxf6+ Rxf6 14. b4 $146 ({Predecessor:} 14. Nd2 g5 15. d4 exd4 16. Nf3 {1-0 (37) Mai,A (1970)-Fjallheim,L (1720) Kopavogur 2018}) 14... h6 15. c5 Be6 16. Qd2 Kg7 17. Rfc1 g5 18. Rb2 g4 19. Nh4 d5 20. f4 gxf3 (20... e4 $14) 21. exf3 Bg8 (21... b5 $142) 22. Re1 Re6 23. Bh3 Qf8 24. d4 ({White should play} 24. f4) 24... Qf6 ({Better is} 24... exd4 25. Rbb1 (25. Qxd4+ Qf6 $11) 25... Qf6) 25. dxe5 Rxe5 26. Rxe5 Qxe5 27. Rb1 Be6 {[%emt 0:05:00] [#]} 28. Re1 $1 Qf6 29. Qf4 Rd8 30. Qxc7 Rd7 {[%emt 0:00:52] [#]} 31. Qe5 ({White should play} 31. Qf4 $1 $18) 31... Qxe5 32. Rxe5 Kf6 33. f4 d4 34. Nf3 Nc6 35. Re2 Nxb4 36. a3 Nc6 37. Rb2 Bd5 38. Nd2 Re7 39. Kf2 Nd8 40. Rb4 Nc6 41. Rb2 Nd8 42. Rb4 Ne6 43. Bf1 Rc7 44. Bc4 Bxc4 ({Reject} 44... Rxc5 $6 45. Bxd5 Rxd5 46. Rxb7 $11) 45. Nxc4 Rxc5 46. Ne5 Rc2+ 47. Ke1 b6 ({Of course not} 47... Rxh2 $6 48. Rxb7 Nc5 49. Rxa7 $11) 48. Ra4 Rc7 49. Kd2 Nc5 50. Rb4 Ke6 51. Nf3 Ne4+ 52. Kd1 $2 (52. Ke2 $17) 52... d3 53. Rd4 Rc3 54. g4 Rxa3 55. gxf5+ Kxf5 56. Nh4+ Kxf4 $19 0-1

[Event "MARCEL 1st Div Ch-League 2019"]
[Site "Dhaka"]
[Date "2019.11.18"]
[Round "7.4"]
[White "Anisuzzaman, Jewel"]
[Black "Avik, Sarker"]
[Result "0-1"]
[ECO "E03"]
[WhiteElo "1852"]
[BlackElo "1980"]
[Annotator "NA RC"]
[PlyCount "137"]
[EventDate "2019.11.12"]
[EventCountry "BAN"]
[SourceTitle "playchess.com"]
[Source "ChessBase"]
[SourceQuality "1"]
[TimeControl "5400+30"]

1. d4 d5 2. c4 e6 3. Nf3 Nf6 4. g3 dxc4 5. Qa4+ Nbd7 6. Bg2 a6 7. Qxc4 b5 8. Qc2 Bb7 9. O-O {[%emt 0:00:45] E03: Open Catalan: 5 Qa4+ Nbd7 6 Qxc4} Bd6 (9... c5 10. Nc3 Rc8 11. dxc5 Bxc5 12. a3 O-O 13. Bg5 Qb6 14. Bxf6 Nxf6 15. e3 a5 16. Rfd1 Rc7 17. Qe2 Ba6 18. Bf1 Ra8 19. Nxb5 Nd5 20. a4 Rac8 21. Nfd4 {1-0 (68) Stupak,K (2537)-Melkumyan,H (2661) Skopje 2019}) 10. Nbd2 Rc8 $146 ({Predecessor:} 10... c5 11. e4 cxd4 12. Nxd4 Rc8 {0-1 (31) Dunaevskaya,A (1696)-Podgornova,A (1714) Moscow 2018}) 11. e4 c5 12. d5 e5 ({Of course not} 12... exd5 {[#]} 13. e5 $1 $16 ) (12... c4 $11 {keeps the balance.}) 13. Nh4 g6 {[%emt 0:03:23] [#]} 14. Bh3 (14. b3 $1 $16) 14... O-O 15. Ndf3 Kg7 16. Bg5 h6 17. Bxf6+ {[%emt 0:11:19] Pin} Kxf6 18. Qc3 ({White should try} 18. a4 $14) 18... b4 (18... c4 $11) 19. Qe3 Kg7 {[%emt 0:00:14] [#]} 20. Nd2 $1 Rb8 21. Nc4 Nb6 22. Nxd6 Qxd6 23. Rac1 Bc8 24. Bg2 g5 $2 (24... Na4 $16) 25. Nf3 (25. Rxc5 $18 Qd8 26. Nf3) 25... c4 26. Nd2 Bd7 27. f4 ({Reject} 27. Nxc4 $6 Nxc4 28. Rxc4 Bb5 $14) 27... f6 28. Rf2 (28. fxg5 $16 hxg5 29. Rc2 (29. Nxc4 Nxc4 30. Rxc4 Bb5 $11)) 28... Bb5 {[%emt 0:00:45] [#]} ({Black should play} 28... Rbc8 $14) 29. Bh3 $1 Rb7 30. Qf3 ({Better is} 30. Be6 $18) 30... Rc7 31. Nf1 exf4 32. gxf4 Qxf4 33. Qxf4 gxf4 34. Rxf4 c3 35. bxc3 (35. b3 $11) 35... Rxc3 36. Rxc3 bxc3 37. Ne3 {[%emt 0:00:01] [#]} Bd3 $1 38. Kf2 {[%emt 0:08:16] [#]} c2 (38... Rb8 $1 $17 39. Be6 c2 40. Rg4+ Kh8) 39. Rg4+ Kf7 40. Rg1 Bxe4 41. Be6+ Ke7 42. Rc1 Kd6 43. Nxc2 Nxd5 44. Bxd5 Bxd5 45. Ne3 Be6 46. a3 Rb8 47. Rc3 Rb2+ 48. Kg3 Ke5 49. Ng2 $2 ({White should play} 49. Ng4+ $1 $15 Bxg4 50. Kxg4) 49... Rb3 50. Rxb3 Bxb3 51. Ne3 f5 52. Ng2 Ke4 53. Nf4 a5 54. h4 a4 55. Ng2 Bc4 56. Nf4 $19 Kd4 57. Ng2 Kc3 58. Ne3 Be6 59. Kf4 Kb3 60. Ke5 Bc8 61. Kd4 f4 62. Nd1 Bd7 63. Nf2 h5 64. Nd3 Kxa3 65. Kc3 f3 66. Nf2 Bf5 67. Nd1 Ka2 68. Nf2 a3 69. Kb4 0-1

[Event "MARCEL 1st Div Ch-League 2019"]
[Site "Dhaka"]
[Date "2019.11.18"]
[Round "7.5"]
[White "Sabya, Sachi"]
[Black "Md Shawkat Ali Sheikh"]
[Result "0-1"]
[ECO "B85"]
[WhiteElo "1887"]
[BlackElo "1851"]
[Annotator "NA RC"]
[PlyCount "74"]
[EventDate "2019.11.12"]
[EventCountry "BAN"]
[SourceTitle "playchess.com"]
[Source "ChessBase"]
[SourceQuality "1"]
[TimeControl "5400+30"]

1. e4 c5 2. Nf3 e6 3. d4 cxd4 4. Nxd4 Nc6 5. Be3 Nf6 6. Nc3 a6 7. Be2 Qc7 8. O-O Be7 9. f4 d6 10. Kh1 O-O 11. g4 Nxd4 {[%emt 0:01:51] B85: Sicilian Scheveningen: 6 Be2 a6, lines with early Be3} 12. Bxd4 b5 13. g5 Nd7 14. Be3 $146 (14. a3 $11) ({Predecessor:} 14. Bd3 Bb7 15. Qh5 e5 16. Nd5 Qd8 17. Rf3 exd4 18. Rh3 h6 19. Rg1 {0-1 (39) Tratatovici,D (2122)-Ris,R (2436) Reykjavik 2009}) 14... Bb7 15. Bf3 Rad8 16. a3 g6 17. Bg2 f5 18. exf5 Bxg2+ 19. Kxg2 Rxf5 20. h4 Rdf8 21. Kg3 (21. Qd2 $15) 21... R8f7 22. Qe2 Qc6 (22... d5 $19 23. Rad1 Bd6) 23. h5 $2 (23. Rae1 $17) 23... e5 (23... d5 $19 24. Kh2 e5 25. fxe5 Nxe5 26. Rxf5 Rxf5 27. hxg6 Nf3+ {[%mdl 64] Double Attack} 28. Kg2 {[#]} d4 $1 29. gxh7+ Kxh7 30. Rh1+ Kg7 $1 ) 24. hxg6 hxg6 25. Rad1 $2 (25. fxe5 Nxe5 26. Rxf5 Rxf5 27. Rf1) 25... exf4+ 26. Bxf4 Ne5 (26... Bxg5 $142 27. Qe8+ Kg7 28. Qxf7+ Rxf7 29. Bxg5 Rxf1 30. Rxf1 Qc5) 27. Qe3 $2 {[%emt 0:00:00] [#]} (27. Qe4) 27... Bxg5 $1 {[%emt 0:00:00] Pin} 28. Nd5 Bxf4+ 29. Rxf4 Rxf4 (29... Rg5+ $142 30. Kh4 Rh5+ 31. Kg3 Qxc2 32. Qd2 Qb3+ 33. Nc3 Rg5+ 34. Kf2 Rg4 35. Ne2 Rfxf4+ 36. Qxf4 Rxf4+ 37. Nxf4 Qxd1 38. Ne2 Qb3 39. Kf1 Qxb2 40. Ke1 Nd3+ 41. Kd1 Kg7 42. a4 bxa4 43. Nd4 Nf2+ 44. Ke1 Qxd4 45. Kf1 Ne4 46. Ke2 d5 47. Kf3 Qf2+ 48. Kg4 Qg3#) 30. Qxf4 Qxc2 {[%emt 0:00:00] Double Attack} ({Less strong is} 30... Rxf4 31. Ne7+ Kf7 32. Nxc6 $17) 31. Qd2 Qf5 (31... Rf3+ $142 32. Kh2 Rf2+ {[%mdl 64] Double Attack} 33. Kg3 Rxd2 34. Rxd2 Qxd2 35. Nc3 g5 36. a4 Qe3+ 37. Kg2 Nd3 38. Nd5 Qf2+ 39. Kh3 Qg1 40. Ne7+ {[#]} Kf7 $1 41. axb5 Nf4#) 32. Qf4 {[%emt 0:00:00] [#]} Qh5 $1 33. Ne7+ {[%emt 0:00:00] [#]} Kg7 $1 34. Qd4 Rf3+ 35. Kg2 Qh3+ 36. Kg1 Rg3+ 37. Kf2 Rg2+ 0-1

[Event "MARCEL 1st Div Ch-League 2019"]
[Site "Dhaka"]
[Date "2019.11.18"]
[Round "7.6"]
[White "Md. Moniruzzaman, Masud"]
[Black "Nurul, Islam"]
[Result "1-0"]
[ECO "D85"]
[WhiteElo "1828"]
[BlackElo "1989"]
[Annotator "NA RC"]
[PlyCount "73"]
[EventDate "2019.11.12"]
[EventCountry "BAN"]
[SourceTitle "playchess.com"]
[Source "ChessBase"]
[SourceQuality "1"]
[TimeControl "5400+30"]

1. Nf3 Nf6 2. e3 g6 3. d4 d5 4. c4 c6 5. Nc3 Bg7 6. cxd5 Nxd5 7. Be2 O-O 8. e4 Nxc3 9. bxc3 c5 10. O-O cxd4 11. cxd4 Nc6 12. Be3 Bg4 13. e5 (13. d5 $5 Nb4 14. Nd4 Bxe2 15. Qxe2 $14) 13... Qa5 {[%emt 0:05:48] D85: Exchange Grünfeld: Unusual White 7th moves and lines with 7 Nf3} (13... Be6 14. Rb1 Bxa2 15. Rxb7 Bd5 16. Rb5 e6 17. Qa4 Rb8 18. Rc1 Rxb5 19. Bxb5 Bxf3 20. gxf3 Ne7 21. Qxa7 {0-1 (46) Milov,V (2620)-Ruck,R (2572) Panormo 2002}) 14. h3 Be6 15. Qb1 $146 ({Predecessor:} 15. Ng5 Bd5 16. h4 Rac8 17. h5 Nb4 18. hxg6 hxg6 19. Bd2 {½-½ (37) Fiorito,F (2455)-Alonso,S (2390) Buenos Aires 1998}) 15... Bd5 16. Rc1 e6 17. Rc5 Qc7 18. Qb2 f6 19. exf6 Bxf6 20. Rac1 Rac8 21. Ne5 Qg7 22. Nxc6 bxc6 23. Bc4 Rb8 24. Qc3 Be7 ({Better is} 24... Rb7 $14) 25. Bxd5 cxd5 26. Rc7 Rf7 27. Rxa7 Qf6 (27... Bd8 {is a better defense.} 28. Rxf7 Qxf7) 28. Rc7 Kg7 (28... Bb4 $142 29. Rxf7 Qxf7) 29. Qd2 h5 30. g3 Kh7 (30... Bd6 {was necessary.} 31. Bh6+ Kh7) 31. Bf4 Qf5 $2 {[%emt 0:01:15] [#]} (31... Ra8 32. Qe2 Qf5) 32. Rxe7 $1 {[%emt 0:00:41] Discovered Attack} Rbf8 33. Rcc7 Rxe7 34. Rxe7+ Rf7 35. Rxf7+ Qxf7 36. Be5 Qf5 37. Qf4 1-0

[Event "MARCEL 1st Div Ch-League 2019"]
[Site "Dhaka"]
[Date "2019.11.18"]
[Round "7.7"]
[White "Bappi, A.b."]
[Black "Shivshankar Iyer S"]
[Result "1-0"]
[ECO "E00"]
[WhiteElo "1827"]
[BlackElo "1573"]
[Annotator "NA RC"]
[PlyCount "36"]
[EventDate "2019.11.12"]
[EventCountry "BAN"]
[SourceTitle "playchess.com"]
[Source "ChessBase"]
[SourceQuality "1"]
[TimeControl "5400+30"]

1. c4 e6 2. d4 d5 3. a3 Nf6 4. Nc3 Be7 5. Nf3 O-O 6. h3 c5 7. dxc5 Bxc5 8. b4 Be7 9. e3 a5 10. b5 Qc7 11. Be2 dxc4 12. O-O Rd8 13. Qc2 b6 14. Bb2 Bb7 15. Rac1 Nbd7 16. Na4 Bd5 17. Nd2 ({Better is} 17. Bxc4 $11 Rac8 18. Nd2) 17... Qb7 18. f3 e5 $14 (18... Nh5 $15) 1-0

[Event "MARCEL 1st Div Ch-League 2019"]
[Site "Dhaka"]
[Date "2019.11.18"]
[Round "7.8"]
[White "Kishor, Shazzad"]
[Black "Khondakar, Nazre Mowla"]
[Result "1/2-1/2"]
[ECO "D30"]
[WhiteElo "1617"]
[BlackElo "1864"]
[Annotator "NA RC"]
[PlyCount "84"]
[EventDate "2019.11.12"]
[EventCountry "BAN"]
[SourceTitle "playchess.com"]
[Source "ChessBase"]
[SourceQuality "1"]
[TimeControl "5400+30"]

1. g3 d5 2. Bg2 c5 3. c4 e6 4. Nf3 Nc6 5. cxd5 exd5 6. O-O Nf6 7. d4 Be7 8. dxc5 Bxc5 9. a3 O-O 10. b4 Be7 11. Bb2 Be6 {[%emt 0:01:47] D30: Queen's Gambit Declined: Systems without Nc3} (11... Bg4 12. Nbd2 Re8 13. Nb3 Rc8 14. Rc1 Ne4 15. b5 Nb8 16. Rxc8 Bxc8 17. a4 Bf6 18. Bxf6 Qxf6 19. e3 {1-0 (41) Lagno,K (2523)-Zvjaginsev,V (2660) Moscow 2015}) 12. Nd4 $146 ({Predecessor:} 12. Nc3 Qd7 13. Rc1 Rad8 14. Na4 Ne4 15. Nd2 Bh3 16. Nxe4 Bxg2 17. Nf6+ Bxf6 18. Kxg2 d4 19. Nc5 {½-½ (32) Malikentzos,S (2347)-Managadze,N (2477) Achaia 2013}) 12... Nxd4 13. Qxd4 Qd7 14. Nc3 Rfd8 15. Rfd1 Bf8 16. Rd2 b6 17. Rad1 Qc6 18. Rc1 Qb7 19. e3 Rd7 20. f3 (20. Rf1 $16) 20... Rad8 21. Ne2 Be7 ({Black should try} 21... Ne4 $14) 22. Nf4 Ne8 23. Nxe6 fxe6 24. Qe5 Rd6 25. h4 (25. Qf4 $14) 25... Bf6 26. Qf4 Bxb2 27. Rxb2 Qf7 28. Qxf7+ Kxf7 29. Kf2 R8d7 30. Rbc2 Rb7 31. f4 Rdd7 32. e4 Nf6 (32... dxe4 $14 33. Bxe4 {[%mdl 64] Double Attack} Rb8) 33. e5 Ne8 34. Ke3 Rbc7 35. Kd4 (35. Rc6 $16) 35... g6 36. b5 Rxc2 37. Rxc2 Rc7 ({Black should try} 37... Ng7 $14) 38. Rxc7+ Nxc7 39. a4 Ke7 40. g4 Kf7 {[%emt 0:04:55] [#]} 41. Bh3 (41. Bf1 $1 $18) 41... Ke7 (41... a6 $14) 42. Bg2 $2 ({White should play} 42. Ke3 $18) 42... Kf7 $18 1/2-1/2

[Event "MARCEL 1st Div Ch-League 2019"]
[Site "Dhaka"]
[Date "2019.11.18"]
[Round "7.11"]
[White "Suvankar Maity"]
[Black "Nayem, Haque"]
[Result "1/2-1/2"]
[ECO "B01"]
[WhiteElo "1795"]
[BlackElo "1875"]
[Annotator "NA RC"]
[PlyCount "44"]
[EventDate "2019.11.12"]
[EventCountry "BAN"]
[SourceTitle "playchess.com"]
[Source "ChessBase"]
[SourceQuality "1"]
[TimeControl "5400+30"]

1. e4 d5 2. exd5 Qxd5 3. Nc3 Qa5 4. d4 c6 5. Bc4 Nf6 6. Nge2 Bg4 7. f3 {[%emt 0:00:30] B01: Scandinavian Defence} Bf5 (7... Bd7 8. Bd2 Qd8 9. Bg5 h6 10. Bh4 Bf5 11. O-O g5 12. Bf2 e6 13. Ng3 Bg6 14. Bd3 Bxd3 15. Qxd3 {1-0 (27) Sevian,S (2531)-Kritz,L (2583) Richardson 2015}) 8. O-O e6 9. Bd3 Bxd3 $146 ({Predecessor:} 9... Be7 10. Bd2 Bxd3 11. cxd3 Qd8 12. Ne4 Nbd7 13. Kh1 O-O {1-0 (32) Holzberg,G (1952)-David,A (1772) Radebeul 2016}) 10. Qxd3 Be7 11. a3 Nbd7 12. Ne4 O-O 13. Be3 Qd8 14. c4 Nxe4 15. Qxe4 Bd6 16. Rfd1 Qc7 17. Bf4 Nf6 18. Bxd6 Qxd6 19. Qe5 Rad8 20. Nc3 Rd7 $11 21. Kf2 Rdd8 22. Kg1 Rd7 1/2-1/2

[Event "MARCEL 1st Div Ch-League 2019"]
[Site "Dhaka"]
[Date "2019.11.18"]
[Round "7.12"]
[White "Islam, Sheik Md. Khairul"]
[Black "Parvej, Nahid Sagar"]
[Result "1/2-1/2"]
[ECO "C01"]
[WhiteElo "1966"]
[BlackElo "1976"]
[Annotator "NA RC"]
[PlyCount "29"]
[EventDate "2019.11.12"]
[EventCountry "BAN"]
[SourceTitle "playchess.com"]
[Source "ChessBase"]
[SourceQuality "1"]
[TimeControl "5400+30"]

1. e4 e6 2. Nf3 d5 3. exd5 exd5 4. d4 Bd6 5. Bd3 Ne7 6. O-O O-O 7. Bg5 f6 8. Bh4 c6 9. c3 Bf5 10. Re1 Bxd3 11. Qxd3 Ng6 12. Nbd2 Na6 13. Qc2 Nc7 14. Qd3 Na6 15. Qc2 $11 1/2-1/2